 Seeded DCSS version 0.32-a0-913-g739538afd8 (webtiles) character file.

Game seed: 17073724502869601980 (custom seed)

1177 timneilson the Ruffian (level 8, -7/60 HPs)
             Began as a Gnoll Shapeshifter on Apr 8, 2024.
             Was an Initiate of Gozag.
             Mangled by an ogre
             ... wielding a +0 giant club
              (11 damage)
             ... on level 6 of the Dungeon.
             The game lasted 00:09:39 (5744 turns).

timneilson the Ruffian (Gnoll Shapeshifter)         Turns: 5744, Time: 00:09:39

Health: -7/60      AC: 15    Str: 13    XL:     8   Next: 41%
Magic:  13/13      EV:  7    Int: 17    God:    Gozag
Gold:   732        SH:  0    Dex: 10    Spells: 13/13 levels left

rFire   + + +        l - +8 executioner's axe "Zilal" {heavy, Fly Will+ Str-3 Int+6 Stlth+}
rCold   . . .        (shield currently unavailable)
rNeg    . . .        a - +1 chain mail
rPois   .            v - +1 helmet
rElec   .            (no cloak)
rCorr   +            e - +2 pair of gloves of Instinct {+Inv rF+++ Int+2 Dex-2}
SInv    +            (no boots)
Will    +....        (no amulet) Stlth
                     k - ring of see invisible
HPRegen 0.30/turn    h - ring of resist corrosion
MPRegen 0.13/turn

%: no passive effects
@: flying
A: fangs 1, strong nose, distributed training
a: Renounce Religion, Evoke Invisibility, Potion Petition, Call Merchant, Bribe
Branch


You were on level 6 of the Dungeon.
You worshipped Gozag.
Gozag was pleased with you.
You visited 2 branches of the dungeon, and saw 7 of its levels.

You collected 797 gold pieces.
You paid 65 gold pieces to Gozag.

Inventory:

Hand Weapons
 l - the +8 executioner's axe "Zilal" (weapon) {heavy, Fly Will+ Str-3 Int+6 Stlth+}
   (You acquired it on level 4 of the Dungeon)

   Str-3:     It affects your strength (-3).
   Int+6:     It affects your intelligence (+6).
   Will+:     It increases your willpower.
   Fly:       It grants you flight.
   Stlth+:    It makes you more stealthy.
Missiles
 t - 4 poisoned darts (quivered)
 E - 6 javelins
Armour
 a - a +1 chain mail (worn)
 e - the +2 pair of gloves of Instinct (worn) {+Inv rF+++ Int+2 Dex-2}
   (You acquired it on level 1 of the Dungeon)

   Int+2:     It affects your intelligence (+2).
   Dex-2:     It affects your dexterity (-2).
   rF+++:     It renders you almost immune to fire.
   +Inv:      It lets you turn invisible.
 v - a +1 helmet (worn)
Jewellery
 h - a ring of resist corrosion (right hand)
 k - a ring of see invisible (left hand)
 D - a ring of magical power
Talismans
 c - a beast talisman
 d - a flux talisman
 i - a granite talisman
 w - a dragon-blood talisman
Wands
 n - a wand of roots (21)
 z - a wand of flame (17)
Scrolls
 r - a scroll of fear
 s - a scroll of fog {unknown}
 u - a scroll of brand weapon {unknown}
 y - 2 scrolls of amnesia
 A - 2 scrolls of identify
 F - a scroll of teleportation
 G - a scroll of summoning {unknown}
Potions
 b - 3 potions of lignification
 f - a potion of mutation {unknown}
 g - a potion of haste {unknown}
 j - 4 potions of curing {unknown}
 m - 2 potions of might
 o - a potion of degeneration {unknown}
 p - 2 potions of ambrosia {unknown}
 q - a potion of berserk rage {unknown}
 x - a potion of magic {unknown}
 B - 2 potions of attraction {unknown}
 C - a potion of enlightenment {unknown}


   Skills:
 + Level 4.3 Fighting
 + Level 3.3 Short Blades
 + Level 3.3 Long Blades
 + Level 3.3 Axes
 + Level 3.3 Maces & Flails
 + Level 3.3 Polearms
 + Level 3.3 Staves
 + Level 3.3 Ranged Weapons
 + Level 3.3 Throwing
 + Level 3.3 Armour
 + Level 5.7 Dodging
 + Level 3.3 Stealth
 + Level 3.3 Shields
 + Level 7.4 Unarmed Combat
 + Level 3.3 Spellcasting
 + Level 2.7 Conjurations
 + Level 2.7 Hexes
 + Level 2.7 Summonings
 + Level 2.7 Necromancy
 + Level 2.7 Translocations
 + Level 2.7 Fire Magic
 + Level 2.7 Ice Magic
 + Level 2.7 Air Magic
 + Level 2.7 Earth Magic
 + Level 2.7 Alchemy
 + Level 3.7 Invocations
 + Level 3.3 Evocations
 + Level 7.2 Shapeshifting


You had 13 spell levels left.
You didn't know any spells.
Your spell library contained the following spells:

 Spells                   Type           Power      Damage    Failure   Level
 Summon Ice Beast         Ice/Summ       12%        N/A       97%         3
 Summon Mana Viper        Hex/Summ       12%        N/A       100%        5
 Monstrous Menagerie      Summ           6%         N/A       100%        7


Dungeon Overview and Level Annotations

Branches:
Dungeon (6/15)             Temple (1/1) D:5

Altars:
Cheibriados
Dithmenos
Elyvilon
Fedhas
Gozag
Hepliaklqana
Kikubaaqudgha
Makhleb
Nemelex Xobeh
Ru
Uskayaw
Vehumet
Xom
Yredelemnul
Zin
The Shining One


Innate Abilities, Weirdness & Mutations

You have very sharp teeth.
Your uncanny sense of smell can sniff out nearby items.
Your experience applies equally to all skills.


Message History

No target in view!
No target in view!
No target in view!
No target in view!
No target in view!
No target in view!
You now have 732 gold pieces (gained 6).
Search for what [? for help]? javelin You see here 6 javelins.
E - 6 javelins
F - a scroll of teleportation
G - a scroll labelled NAOGRULAMEF
There is a stone staircase leading down here.
You reach down and open the door.
There is an open door here.
There is an open door here.
A - 2 scrolls of identify (gained 1)
An ogre comes into view. It is wielding a +0 giant club.
The ogre shouts!
You barely miss the ogre. The ogre hits you with a +0 giant club!
The ogre hits you with a +0 giant club!!
You are too injured to fight recklessly!
You are too injured to fight recklessly!
You are too injured to fight recklessly!
You are too injured to fight recklessly!
You are too injured to fight recklessly!
You are too injured to fight recklessly!
You are too injured to fight recklessly!
You are too injured to fight recklessly!
You are too injured to fight recklessly!
You are too injured to fight recklessly!
You are too injured to fight recklessly!
You are too injured to fight recklessly!
Unknown command.
You barely miss the ogre.
The ogre hits you with a +0 giant club!!
* * * LOW HITPOINT WARNING * * *
The ogre hits you with a +0 giant club!
You die...
Your body crumbles into a pile of gold.

########################
......O@................
########################
..# #.# #####.# ...#.#
...######[#.#
............####
#...#####.####....


You could see an ogre.

Vanquished Creatures
  A water moccasin (D:5)
  A black bear (D:6)
  2 centaurs
  2 phantoms (D:5)
  2 scorpions (D:5)
  3 orc priests
  3 hounds (D:5)
  2 sleepcaps
  2 iguanas
  10 adders
  4 gnolls (D:4)
  2 ufetubi (D:6)
  3 dart slugs
  14 orcs
  8 endoplasms
  5 giant cockroaches
  8 hobgoblins
  11 jackals
  4 quokkas
  3 ball pythons
  11 bats
  7 frilled lizards
  6 goblins
  9 kobolds
  5 rats
128 creatures vanquished.

Notes
Turn   | Place    | Note
-------+----------+-------------------------------------------
     0 | D:1      | timneilson the Gnoll Shapeshifter began the quest for the
                  | Orb.
     0 | D:1      | Reached XP level 1. HP: 17/17 MP: 1/1
   129 | D:1      | Identified a scroll of acquirement
   129 | D:1      | Acquired the +2 pair of gloves of Instinct {+Inv rF+++
                  | Int+2 Dex-2}
   314 | D:1      | Reached XP level 2. HP: 19/23 MP: 2/2
   734 | D:2      | Reached XP level 3. HP: 21/28 MP: 3/3
   993 | D:4      | Acquired the +8 executioner's axe "Zilal" {heavy, Fly Will+
                  | Str-3 Int+6 Stlth+}
  1009 | D:5      | Entered Level 5 of the Dungeon
  1013 | D:5      | Reached skill level 1 in Invocations
  1019 | D:5      | Found a staircase to the Ecumenical Temple.
  1027 | Temple   | Entered the Ecumenical Temple
  1282 | D:5      | Reached skill level 1 in Short Blades
  1282 | D:5      | Reached skill level 1 in Long Blades
  1282 | D:5      | Reached skill level 1 in Axes
  1282 | D:5      | Reached skill level 1 in Maces & Flails
  1282 | D:5      | Reached skill level 1 in Polearms
  1282 | D:5      | Reached skill level 1 in Staves
  1282 | D:5      | Reached skill level 1 in Ranged Weapons
  1282 | D:5      | Reached skill level 1 in Throwing
  1282 | D:5      | Reached skill level 1 in Armour
  1282 | D:5      | Reached skill level 1 in Stealth
  1282 | D:5      | Reached skill level 1 in Shields
  1282 | D:5      | Reached skill level 1 in Spellcasting
  1282 | D:5      | Reached skill level 1 in Evocations
  1313 | Temple   | Became a worshipper of Gozag Ym Sagoz the Greedy
  1340 | D:5      | Reached skill level 1 in Conjurations
  1340 | D:5      | Reached skill level 1 in Hexes
  1340 | D:5      | Reached skill level 1 in Summonings
  1340 | D:5      | Reached skill level 1 in Necromancy
  1340 | D:5      | Reached skill level 1 in Translocations
  1340 | D:5      | Reached skill level 1 in Fire Magic
  1340 | D:5      | Reached skill level 1 in Ice Magic
  1340 | D:5      | Reached skill level 1 in Air Magic
  1340 | D:5      | Reached skill level 1 in Earth Magic
  1340 | D:5      | Reached skill level 1 in Alchemy
  1340 | D:5      | Reached XP level 4. HP: 32/34 MP: 5/5
  1907 | D:2      | Reached XP level 5. HP: 39/40 MP: 7/7
  2573 | D:3      | Found a radiant altar of Vehumet.
  2751 | D:3      | Found a faded altar of an unknown god.
  3161 | D:4      | Reached XP level 6. HP: 8/47 MP: 8/8
  3555 | D:4      | Reached skill level 5 in Dodging
  4228 | D:5      | Noticed a water moccasin
  4232 | D:5      | Killed a water moccasin
  4233 | D:5      | Reached XP level 7. HP: 52/52 MP: 10/10
  4586 | D:5      | Reached XP level 8. HP: 41/60 MP: 12/12
  5744 | D:6      | Mangled by an ogre

Illustrated notes

Levels and vault maps discovered:
D:1:      lightli_arrival_windingriver, layout_loops_ring
D:2:      layout_basic, dk_noncrumbling_3
D:3:      layout_loops_corners, mainiacjoe_overflow_boulevard,
          shapermc_ecumenical_altar_gd, minmay_misc_feat_alley, st_stairs_8
D:4:      layout_gridville, lemuel_flame_loot_1
D:5:      layout_basic, minmay_temple_entry_stoned_glass
D:6:      layout_basic, grunt_decor_mini_mirrors
Temple:   nicolae_temple_superstar

Skill      XL: |  1  2  3  4  5  6  7 |
---------------+----------------------+-----
Invocations    | 1 2 3 |  3.7
Short Blades   | 1 2 3 |  3.3
Long Blades    | 1 2 3 |  3.3
Axes           | 1 2 3 |  3.3
Maces & Flails | 1 2 3 |  3.3
Polearms       | 1 2 3 |  3.3
Staves         | 1 2 3 |  3.3
Ranged Weapons | 1 2 3 |  3.3
Throwing       | 1 2 3 |  3.3
Armour         | 1 2 3 |  3.3
Stealth        | 1 2 3 |  3.3
Shields        | 1 2 3 |  3.3
Spellcasting   | 1 2 3 |  3.3
Evocations     | 1 2 3 |  3.3
Conjurations   | 1 2 |  2.7
Hexes          | 1 2 |  2.7
Summonings     | 1 2 |  2.7
Necromancy     | 1 2 |  2.7
Translocations | 1 2 |  2.7
Fire Magic     | 1 2 |  2.7
Ice Magic      | 1 2 |  2.7
Air Magic      | 1 2 |  2.7
Earth Magic    | 1 2 |  2.7
Alchemy        | 1 2 |  2.7
Fighting       | 3 4 |  4.3
Dodging        | 5 |  5.7
Unarmed Combat | 7 |  7.4
Shapeshifting  | 7 |  7.2

Action                     |  1- 3 |  4- 6 |  7- 9 || total
---------------------------+-------+-------+-------++-------
  Melee: Unarmed           |    56 |       |       ||    56
         Punch             |     2 |       |       ||     2
         Bite              |     3 |     5 |     3 ||    11
         Executioner's axe |    12 |   115 |    44 ||   171
Ability: Begin Untransform |       |     1 |       ||     1
    Use: Scroll            |     4 |     2 |     4 ||    10
   Stab: Distracted        |       |     2 |       ||     2
 Armour: Scale mail        |    35 |       |       ||    35
         Animal skin       |     1 |       |       ||     1
         Chain mail        |    33 |   216 |    95 ||   344
  Dodge: Dodged            |    44 |    71 |    41 ||   156
         Form:             |     1 |       |       ||     1
         Beast             |     1 |       |       ||     1

Table legend: (Time is in decaauts)
 A = Elapsed time spent in this place.
 B = Non-inter-level travel time spent in this place.
 C = Inter-level travel time spent in this place.
 D = Time resting spent in this place.
 E = Time spent auto-exploring this place.
 F = Levels seen in this place.
 G = Mean time per level.
                   A        B        C        D        E       F      G
               +--------+--------+--------+--------+--------+-----+--------+
         Total |   6031 |   5561 |    470 |    251 |   3953 |   7 |  861.6 |
       Dungeon |   5954 |   5519 |    435 |    251 |   3953 |   6 |  992.3 |
        Temple |     77 |     42 |     35 |      0 |      0 |   1 |   77.0 |
               +--------+--------+--------+--------+--------+-----+--------+

Top non-repeatable levels by time:
     D:4: 1302 daAuts
     D:2: 1155 daAuts
     D:6: 982 daAuts
     D:3: 979 daAuts
     D:5: 860 daAuts
     D:1: 672 daAuts
  Temple: 77 daAuts
